 Dungeon Crawl Stone Soup version 0.30-a0-916-g9813417 (webtiles) character file.

Game seed: 15629734146599151486

116 Dorkslayer the Trooper (level 5, 0/33 HPs)
             Began as a Gargoyle Fighter on Apr 16, 2023.
             Killed from afar by an orc wizard (8 damage)
             ... with a magic dart
             ... on level 3 of the Dungeon.
             The game lasted 00:03:39 (1604 turns).

Dorkslayer the Trooper (Gargoyle Fighter)           Turns: 1604, Time: 00:03:40

Health: 0/33       AC: 12    Str: 19    XL:     5   Next: 0%
Magic:  5/5        EV:  9    Int:  9    God:
Gold:   107        SH:  5    Dex: 17    Spells: 4/4 levels left

rFire   + . .      SeeInvis .    a - +0 war axe
rCold   + . .      Faith    .    c - +0 buckler
rNeg    + . .      Spirit   .    b - +0 scale mail
rPois   ∞          Reflect  .    q - +0 helmet
rElec   +          Rampage  .    m - scarf {rC+ rF+}
rCorr   .                        (no gloves)
Will    .....                    (no boots) Stlth
                                 n - amulet of magic regeneration
HPRegen 0.25/turn                j - ring of flight
MPRegen 0.49/turn                u - +6 ring of dexterity

@: flying
A: sickness immunity, AC +4, negative energy resistance 1, electricity
resistance, torment resistance 1, petrification resistance
a: no special abilities


You were on level 3 of the Dungeon.
You visited 1 branch of the dungeon, and saw 3 of its levels.

You collected 107 gold pieces.

Inventory:

Hand Weapons
 a - a +0 war axe (weapon)
Missiles
 o - 3 boomerangs (quivered)
Armour
 b - a +0 scale mail (worn)
 c - a +0 buckler (worn)
 m - a scarf of resistance (worn)
 q - a +0 helmet (worn)
Jewellery
 j - a ring of flight (left hand)
 n - an amulet of magic regeneration (around neck)
 u - a +6 ring of dexterity (right hand)
Scrolls
 f - a scroll of fear {unknown}
 h - 2 scrolls of teleportation {unknown}
 k - a scroll of blinking {unknown}
 l - a scroll of torment {unknown}
 p - a scroll of identify {unknown}
 r - a scroll of brand weapon {unknown}
Potions
 d - a potion of might
 e - 4 potions of curing {unknown}
 g - a potion of berserk rage {unknown}
 i - 2 potions of haste {unknown}
 s - a potion of flight {unknown}
 t - a potion of attraction {unknown}


   Skills:
 + Level 4.1 Fighting
 + Level 2.7 Axes
 + Level 4.1 Armour
 + Level 4.1 Shields


You had 4 spell levels left.
You didn't know any spells.
Your spell library was empty.

Dungeon Overview and Level Annotations

Branches:
Dungeon (3/15)

Altars:


Innate Abilities, Weirdness & Mutations

You are immune to sickness and miasma.
Your stone body is resilient. (AC +4)
You are immune to poison.
You resist negative energy. (rN+)
You are resistant to electric shocks. (rElec)
You are resistant to unholy torment.
You are immune to petrification.


Message History

Found 5 gold pieces.
The orc wizard casts a spell at you. The magic dart hits you.
An orc comes into view. It is wielding a +0 whip.
The orc shouts!
The orc wizard barely misses you. The orc hits you with a +0 mace!
You closely miss the orc wizard. You hit the orc.
The orc hits you but does no damage. The orc wizard casts a spell at you.
You are confused.
The orc barely misses you.
You barely miss the orc wizard. You hit the orc but do no damage.
The orc wizard points at you and mumbles some strange words.
The puff of flame hits you. You resist. The orc hits you but does no damage.
Unknown command.
You closely miss the orc.
The orc is severely wounded.
You barely miss the orc wizard. You closely miss the orc.
The orc barely misses you. x2; The orc hits you with a +0 mace!
The orc barely misses you. The orc hits you but does no damage.
You bump into the rock wall.
The orc barely misses you.
You hit the orc but do no damage. x2
You feel less confused. The orc hits you but does no damage.
The orc hits you with a +0 whip.
Unknown command.
You closely miss the orc. You hit the orc. You hit the orc wizard.
The orc wizard is lightly wounded.
You closely miss the orc. The orc barely misses you.
The orc wizard hits you with a +1 dagger of venom.
You completely miss the orc wizard.
The orc wizard is lightly wounded.
You hit the orc but do no damage. You closely miss the orc.
The orc hits you with a +0 whip.
* * * LOW HITPOINT WARNING * * *
The orc barely misses you.
The orc wizard gestures at you while chanting.
The magic dart hits you!
You die...

...........#
...........#
.........$.#
...........# ..
...........#####..
..................
.......o..$.......
#oo.........
#@o.........
#...........
#...........
#.....[.....
#.........?.
###..#######
##†#### #....##
####..##


You could see an orc wizard and 3 orcs.

Vanquished Creatures
  A jelly (D:3)
  2 adders (D:3)
  3 dart slugs
  2 orcs (D:3)
  6 endoplasms
  4 giant cockroaches
  7 goblins
  7 hobgoblins
  3 jackals (D:2)
  7 ball pythons
  3 bats
  4 frilled lizards
  4 kobolds
  4 rats
57 creatures vanquished.

Notes
Turn   | Place    | Note
-------+----------+-------------------------------------------
     0 | D:1      | Dorkslayer the Gargoyle Fighter began the quest for the
                  | Orb.
     0 | D:1      | Reached XP level 1. HP: 14/14 MP: 1/1
   144 | D:1      | Reached XP level 2. HP: 19/19 MP: 2/2
   670 | D:1      | Reached XP level 3. HP: 23/23 MP: 3/3
  1315 | D:3      | Reached XP level 4. HP: 29/29 MP: 4/4
  1585 | D:3      | Reached XP level 5. HP: 33/33 MP: 5/5
  1604 | D:3      | Killed from afar by an orc wizard

Illustrated notes

Levels and vault maps discovered:
D:1:      giann_forest_graveyard, layout_basic
D:2:      layout_rooms
D:3:      layout_basic

Skill      XL: |  1  2  3  4 |
---------------+-------------+-----
Axes           | 2 |  2.7
Fighting       | 4 |  4.1
Shields        | 4 |  4.1
Armour         | 4 |  4.1

Action                     |  1- 3 |  4- 6 || total
---------------------------+-------+-------++-------
  Melee: War axe           |   129 |    45 ||   174
 Armour: Scale mail        |    87 |    28 ||   115
  Dodge: Dodged            |    63 |    28 ||    91
  Block: Buckler           |    36 |     7 ||    43

Table legend: (Time is in decaauts)
 A = Elapsed time spent in this place.
 B = Non-inter-level travel time spent in this place.
 C = Inter-level travel time spent in this place.
 D = Time resting spent in this place.
 E = Time spent auto-exploring this place.
 F = Levels seen in this place.
 G = Mean time per level.
                   A        B        C        D        E       F      G
               +--------+--------+--------+--------+--------+-----+--------+
         Total |   1675 |   1675 |      0 |      0 |    770 |   3 |  558.3 |
       Dungeon |   1675 |   1675 |      0 |      0 |    770 |   3 |  558.3 |
               +--------+--------+--------+--------+--------+-----+--------+

Top non-repeatable levels by time:
     D:1: 807 daAuts
     D:2: 519 daAuts
     D:3: 349 daAuts
